 Dungeon Crawl Stone Soup version 0.29.1-14-g9c671dbff4 (webtiles) character file.

Game seed: 4327761649749158383

379 leafyfresh the Covert (level 6, -7/53 HPs)
             Began as a Gnoll Delver on Feb 13, 2023.
             Mangled by a gnoll
             ... wielding a +0 flail
              (11 damage)
             ... on level 4 of the Dungeon.
             The game lasted 00:06:24 (4116 turns).

leafyfresh the Covert (Gnoll Delver)                Turns: 4116, Time: 00:06:24

Health: -7/53      AC:  6    Str: 11    XL:     6   Next: 74%
Magic:  9/9        EV:  8    Int:  9    God:
Gold:   79         SH:  9    Dex: 16    Spells: 9/9 levels left

rFire   + . .      SeeInvis +   u - +2 dagger (venom)
rCold   . . .      Faith    .   h - +1 kite shield of Inaction {rElec rPois SInv}
rNeg    . . .      Spirit   .   s - +0 scale mail
rPois   +          Reflect  .   (no helmet)
rElec   +          Harm     .   (no cloak)
rCorr   .          Rampage  .   (no gloves)
Will    .....                   (no boots)
Stlth   +++.......              (no amulet)
HPRegen 0.17/turn               i - ring of protection from fire
MPRegen 0.11/turn               (no ring)

@: no status effects
A: fangs 1, strong nose, distributed training
a: no special abilities


You were on level 4 of the Dungeon.
You visited 1 branch of the dungeon, and saw 5 of its levels.

You collected 79 gold pieces.

Inventory:

Hand Weapons
 a - a +0 spear
 u - a +2 dagger of venom (weapon)
 A - a +1 whip of flaming
 B - a +3 dagger
Missiles
 n - 2 poisoned darts (quivered)
Armour
 b - a +0 leather armour
 h - the +1 kite shield of Inaction (worn) {rElec rPois SInv}
   (You found it on level 5 of the Dungeon)

   rElec:     It insulates you from electricity.
   rPois:     It protects you from poison.
   SInv:      It lets you see invisible.
 s - a +0 scale mail (worn)
Jewellery
 i - a ring of protection from fire (left hand)
 C - an amulet of regeneration
Wands
 g - a wand of digging (3)
Scrolls
 c - a scroll of fog
 d - a scroll of magic mapping
 j - a scroll of vulnerability {unknown}
 k - 2 scrolls of identify {unknown}
 l - a scroll of blinking {unknown}
 m - a scroll of poison {unknown}
 q - a scroll of butterflies {unknown}
 r - a scroll of summoning {unknown}
 t - a scroll of fear
 y - a scroll of teleportation {unknown}
 D - a scroll of enchant armour {unknown}
Potions
 e - a potion of cancellation {unknown}
 f - 2 potions of haste
 o - 3 potions of degeneration {unknown}
 p - 3 potions of curing {unknown}
 v - 2 potions of resistance
 w - a potion of might {unknown}
 x - a potion of brilliance {unknown}
 z - a potion of heal wounds {unknown}


   Skills:
 + Level 6.9 Fighting
 + Level 2.2 Short Blades
 + Level 2.2 Long Blades
 + Level 2.2 Axes
 + Level 2.2 Maces & Flails
 + Level 5.1 Polearms
 + Level 2.2 Staves
 + Level 2.2 Ranged Weapons
 + Level 2.2 Throwing
 + Level 2.2 Armour
 + Level 5.1 Dodging
 + Level 9.8 Stealth
 + Level 2.2 Shields
 + Level 2.2 Unarmed Combat
 + Level 2.2 Spellcasting
 + Level 1.7 Conjurations
 + Level 1.7 Hexes
 + Level 1.7 Summonings
 + Level 1.7 Necromancy
 + Level 1.7 Translocations
 + Level 1.7 Transmutations
 + Level 1.7 Fire Magic
 + Level 1.7 Ice Magic
 + Level 1.7 Air Magic
 + Level 1.7 Earth Magic
 + Level 1.7 Poison Magic
 + Level 2.4 Invocations
 + Level 2.2 Evocations


You had 9 spell levels left.
You didn't know any spells.
Your spell library was empty.

Dungeon Overview and Level Annotations

Branches:
Dungeon (5/15)
 Temple: D:4-7

Altars:
Elyvilon
Hepliaklqana
Ru
Zin
The Shining One

Annotations:
D:4 Sigmund
D:5 Dowan, Duvessa


Innate Abilities, Weirdness & Mutations

You have very sharp teeth.
Your uncanny sense of smell can sniff out nearby items.
Your experience applies equally to all skills.


Message History

The gnoll hits you with a +0 flail. The gnoll closely misses you.
You block the gnoll's attack.
You hit the gnoll but do no damage.
The gnoll looks as sick as possible!
The gnoll is heavily wounded.
The gnoll hits you with a +0 flail. You block the gnoll's attack.
The gnoll hits you with a +0 halberd!
You hit the gnoll but do no damage.
The gnoll looks as sick as possible!
The gnoll is severely wounded.
You block the gnoll's attack. The gnoll hits you but does no damage.
You block the gnoll's attack.
You hit the gnoll.
The gnoll looks as sick as possible!
The gnoll is almost dead.
You kill the gnoll!
The gnoll closely misses you. You block the gnoll's attack.
You hit the gnoll.
The gnoll is poisoned.
The gnoll is lightly wounded.
The gnoll hits you with a +0 flail. The gnoll hits you but does no damage.
You block the gnoll's attack. The gnoll hits you with a +0 whip.
You are too injured to fight recklessly!
You are too injured to fight recklessly!
You are too injured to fight recklessly!
You are too injured to fight recklessly!
You barely miss the gnoll. You block the gnoll's attack. x2
You hit the gnoll.
The gnoll is poisoned.
The gnoll is moderately wounded.
The gnoll closely misses you. You block the gnoll's attack.
The gnoll closely misses you. You block the gnoll's attack.
The gnoll attacks as you move away! The gnoll hits you but does no damage.
The gnoll attacks as you move away! The gnoll closely misses you.
The gnoll attacks as you move away! The gnoll hits you with a +0 whip.
You hit the gnoll.
You kill the gnoll!
The gnoll hits you with a +0 flail!
* * * LOW HITPOINT WARNING * * *
You closely miss the gnoll.
The gnoll is heavily wounded.
The gnoll hits you with a +0 flail.
* * * LOW HITPOINT WARNING * * *
The gnoll attacks as you move away! The gnoll hits you with a +0 flail!
You die...

... .... ## .##..#.##
.......@## ..###..g)###
........ ##......####
........ .##.......##.##
..g.....∆ .........).).)#
.....S.. .[........##.)#
.g........##.........)###
g.........##....#....##
..............###...##


You could see a gnoll (poisoned).

Vanquished Creatures
  A scorpion (D:4)
  A necrophage (D:4)
  An orc wizard (D:3)
  Robin (D:4)
  5 adders
  6 gnolls
  2 worms (D:3)
  3 dart slugs (D:1)
  8 orcs
  6 ball pythons
  5 bats
  6 endoplasms
  5 giant cockroaches
  12 goblins
  3 hobgoblins
  11 jackals (D:1)
  11 kobolds
  4 quokkas
  2 frilled lizards (D:1)
  5 rats
98 creatures vanquished.

Notes
Turn   | Place    | Note
-------+----------+-------------------------------------------
     0 | D:5      | Reached skill level 9 in Stealth
     0 | D:5      | leafyfresh the Gnoll Delver began the quest for the Orb.
     0 | D:5      | Reached XP level 1. HP: 23/23 MP: 1/1
     2 | D:5      | Identified the +1 kite shield of Inaction {rElec rPois
                  | SInv}
    17 | D:5      | Noticed Dowan
    18 | D:5      | Noticed Duvessa
    18 | D:5      | Noticed a scorpion
    32 | D:4      | Noticed Sigmund
   626 | D:1      | Reached XP level 2. HP: 27/29 MP: 2/2
   986 | D:1      | Reached XP level 3. HP: 31/35 MP: 3/3
  1235 | D:1      | Reached skill level 1 in Invocations
  1393 | D:1      | Found a faded altar of an unknown god.
  1398 | D:1      | Reached skill level 1 in Short Blades
  1398 | D:1      | Reached skill level 1 in Long Blades
  1398 | D:1      | Reached skill level 1 in Axes
  1398 | D:1      | Reached skill level 1 in Maces & Flails
  1398 | D:1      | Reached skill level 1 in Staves
  1398 | D:1      | Reached skill level 1 in Ranged Weapons
  1398 | D:1      | Reached skill level 1 in Throwing
  1398 | D:1      | Reached skill level 1 in Armour
  1398 | D:1      | Reached skill level 1 in Shields
  1398 | D:1      | Reached skill level 1 in Unarmed Combat
  1398 | D:1      | Reached skill level 1 in Spellcasting
  1398 | D:1      | Reached skill level 1 in Evocations
  1746 | D:2      | Reached XP level 4. HP: 38/41 MP: 5/5
  2094 | D:2      | Reached skill level 1 in Conjurations
  2094 | D:2      | Reached skill level 1 in Hexes
  2094 | D:2      | Reached skill level 1 in Summonings
  2094 | D:2      | Reached skill level 1 in Necromancy
  2094 | D:2      | Reached skill level 1 in Translocations
  2094 | D:2      | Reached skill level 1 in Transmutations
  2094 | D:2      | Reached skill level 1 in Fire Magic
  2094 | D:2      | Reached skill level 1 in Ice Magic
  2094 | D:2      | Reached skill level 1 in Air Magic
  2094 | D:2      | Reached skill level 1 in Earth Magic
  2094 | D:2      | Reached skill level 1 in Poison Magic
  2364 | D:3      | Reached XP level 5. HP: 35/47 MP: 5/7
  2612 | D:3      | Found a sacrificial altar of Ru.
  2835 | D:3      | Found a hazy altar of Hepliaklqana.
  2959 | D:3      | Found a glowing silver altar of Zin.
  2959 | D:3      | Found a glowing golden altar of the Shining One.
  2961 | D:3      | Found a white marble altar of Elyvilon.
  3319 | D:4      | Noticed Robin
  3398 | D:4      | Reached XP level 6. HP: 19/53 MP: 8/8
  3948 | D:4      | Reached skill level 5 in Polearms
  3948 | D:4      | Reached skill level 5 in Dodging
  4050 | D:4      | Killed Robin
  4116 | D:4      | Mangled by a gnoll

Illustrated notes

Levels and vault maps discovered:
D:1:      minmay_arrival_plants_in_alcoves, layout_basic,
          shapermc_ecumenical_altar_flowoftime
D:2:      layout_loops_ring
D:3:      minmay_wonky_spiral, layout_basic, dreamdust_divine_triumvirate,
          nicolae_ru_the_path_less_chosen, nicolae_hepliaklqana_hippocampus,
          solitary_fountain
D:4:      layout_cave_pools, led_sif_book, uniq_robin, uniq_sigmund
D:5:      layout_rooms, nicolae_uskayaw_murder_on_the_dancefloor, slow_altar_1,
          nicolae_elevator_lobby_asterisk, uniq_duvessa, uniq_menkaure

Skill      XL: |  1  2  3  4  5  6 |
---------------+-------------------+-----
Stealth        | |  9.8
Invocations    | 1 2 |  2.4
Short Blades   | 1 2 |  2.2
Long Blades    | 1 2 |  2.2
Axes           | 1 2 |  2.2
Maces & Flails | 1 2 |  2.2
Staves         | 1 2 |  2.2
Ranged Weapons | 1 2 |  2.2
Throwing       | 1 2 |  2.2
Armour         | 1 2 |  2.2
Shields        | 1 2 |  2.2
Unarmed Combat | 1 2 |  2.2
Spellcasting   | 1 2 |  2.2
Evocations     | 1 2 |  2.2
Conjurations   | 1 |  1.7
Hexes          | 1 |  1.7
Summonings     | 1 |  1.7
Necromancy     | 1 |  1.7
Translocations | 1 |  1.7
Transmutations | 1 |  1.7
Fire Magic     | 1 |  1.7
Ice Magic      | 1 |  1.7
Air Magic      | 1 |  1.7
Earth Magic    | 1 |  1.7
Poison Magic   | 1 |  1.7
Polearms       | 5 |  5.1
Dodging        | 5 |  5.1
Fighting       | |  6.9

Action                   |  1- 3 |  4- 6 || total
-------------------------+-------+-------++-------
Melee: Spear             |   123 |    83 ||   206
       Bite              |    10 |    19 ||    29
       Punch             |     3 |       ||     3
       Dagger            |       |   138 ||   138
  Use: Scroll            |     1 |       ||     1
 Stab: Sleeping          |    17 |     8 ||    25
       Distracted        |       |     1 ||     1
Armor: Leather armour    |    14 |     6 ||    20
       Scale mail        |       |    55 ||    55
Dodge: Dodged            |    57 |    71 ||   128
Block: Kite shield       |     1 |   107 ||   108
